 Dungeon Crawl Stone Soup version 0.30-a0-219-gf2db51d15e (webtiles) character file.

Game seed: 113770286474311879

183 Flugkiller the Vexing (level 5, -4/38 HPs)
             Began as a Mummy Hexslinger on Oct 7, 2022.
             Killed from afar by an orc wizard (12 damage)
             ... with a puff of flame
             ... on level 4 of the Dungeon.
             The game lasted 00:04:48 (2337 turns).

Flugkiller the Vexing (Mummy Hexslinger)            Turns: 2337, Time: 00:04:49

Health: -4/38      AC:  4    Str: 16    XL:     5   Next: 35%
Magic:  7/8        EV: 12    Int: 14    God:
Gold:   149        SH:  0    Dex: 13    Spells: 7/8 levels left

rFire   x . .      SeeInvis .    a - +2 sling
rCold   + . .      Faith    +    (no shield)
rNeg    + + +      Spirit   .    j - +0 robe of Fabulous Intercession {Str+3}
rPois   ∞          Reflect  .    i - +0 helmet
rElec   .          Harm     .    (no cloak)
rCorr   .          Rampage  .    h - +0 pair of gloves
Will    .....                    (no boots)
Stlth   +.........               (no amulet)
HPRegen 0.26/turn                (no ring)
MPRegen 0.11/turn                (no ring)

@: about to teleport
A: cold resistance 1, negative energy resistance 3, torment resistance 2, heat
vulnerability 1, in touch with death 1, no potions, faith
a: no special abilities


You were on level 4 of the Dungeon.
You visited 1 branch of the dungeon, and saw 4 of its levels.

You collected 149 gold pieces.

Inventory:

Hand Weapons
 a - a +2 sling (weapon)
 b - a +2 dagger of venom
   (You took it off a goblin on level 4 of the Dungeon)
Missiles
 f - 4 javelins
Armour
 h - a +0 pair of gloves (worn)
   (You found it on level 3 of the Dungeon)
 i - a +0 helmet (worn)
   (You found it on level 1 of the Dungeon)
 j - the +0 robe of Fabulous Intercession (worn) {Str+3}
   (You found it on level 2 of the Dungeon)

   Str:       It affects your strength (+3).
Scrolls
 d - 3 scrolls of magic mapping
 e - a scroll of amnesia
 g - a scroll of enchant weapon
 r - 3 scrolls of identify


   Skills:
 - Level 2.0 Fighting
 + Level 3.3 Ranged Weapons
 - Level 1.5 Dodging
 - Level 2.0 Spellcasting
 - Level 4.0 Hexes


You had 7 spell levels left.
You knew the following spells:

 Your Spells              Type           Power      Damage    Failure   Level
a - Slow                  Hex            48%        N/A       4%          1

Your spell library contained the following spells:

 Spells                   Type           Power      Damage    Failure   Level
 Inner Flame              Hex/Fire       7%         N/A       30%         3
 Portal Projectile        Hex/Tloc       14%        N/A       30%         3
 Cigotuvi's Dreadful Rot  Necr/Pois/Air  4%         N/A       34%         2
 Poisonous Vapours        Pois/Air       2%         N/A       34%         2
 Cause Fear               Hex            6%         N/A       41%         4
 Mephitic Cloud           Conj/Pois/Air  1%         N/A       56%         3
 Conjure Ball Lightning   Conj/Air       0%         3x3d6     100%        6
 Discord                  Hex            6%         N/A       100%        8
 Disjunction              Tloc           0%         N/A       100%        8


Dungeon Overview and Level Annotations

Branches:
Dungeon (4/15) Zot: 21600
 Temple: D:4-7

Altars:
Dithmenos
Okawaru
Trog
Wu Jian

Annotations:
D:2 Sigmund


Innate Abilities, Weirdness & Mutations

You are immune to poison.
Your flesh is cold resistant. (rC+)
You are immune to negative energy. (rN+++)
You are immune to unholy pain and torment.
You are vulnerable to heat. (rF-)
You are in touch with the powers of death.
You do not drink.
You have a special connection with the divine. (Faith)


Message History

Casting: Slow (safe; 4% risk of failure)
Confirm with . or Enter, or press ? or * to list all spells.
Aiming: Slow (safe; 4% risk of failure)
Press: ? - help, Shift-Dir - straight line, f - jackal
Aim: a jackal (chance to affect: 68%)
The jackal seems to slow down.
The jackal misses you.
You are too injured to fight recklessly!
You are too injured to fight recklessly!
You are too injured to fight recklessly!
Fire: a) +2 sling
Press: ? - help, Q - select action, (/) - cycle Shift-Dir - straight line, f/p - jackal
Aim: a jackal (slow, 51% to hit)
You shoot a sling bullet.
The sling bullet closely misses the jackal.
The jackal barely misses you.
Fire: a) +2 sling
Press: ? - help, Q - select action, (/) - cycle Shift-Dir - straight line, f/p - jackal
Aim: a jackal (slow, 51% to hit)
You shoot a sling bullet.
The sling bullet closely misses the jackal.
The jackal misses you.
An orc wizard comes into view. It is wielding a +0 quarterstaff.
Fire: a) +2 sling
Press: ? - help, Q - select action, (/) - cycle Shift-Dir - straight line, f/p - jackal
Aim: a jackal (slow, 51% to hit)
You shoot a sling bullet. The sling bullet hits the jackal.
You kill the jackal!
Fire: a) +2 sling
Press: ? - help, Q - select action, (/) - cycle Shift-Dir - straight line, f - orc
Aim: an orc, wielding a +0 dagger (59% to hit)
You shoot a sling bullet.
The sling bullet closely misses the orc.
The orc closely misses you.
Casting: Slow (safe; 4% risk of failure)
Confirm with . or Enter, or press ? or * to list all spells.
Aiming: Slow (safe; 4% risk of failure)
Press: ? - help, Shift-Dir - straight line, f/p - orc
Aim: an orc, wielding a +0 dagger (chance to affect: 68%)
The orc seems to slow down.
The orc closely misses you.
Fire: a) +2 sling
Press: ? - help, Q - select action, (/) - cycle Shift-Dir - straight line, f/p - orc
Aim: an orc, wielding a +0 dagger (slow, 59% to hit)
You shoot a sling bullet. The sling bullet hits the orc!
You kill the orc!
A jelly comes into view.
An orc wizard comes into view. It is wielding a +0 dagger.
The jackal bites you.
Unknown command.
Fire: a) +2 sling
Press: ? - help, Q - select action, (/) - cycle Shift-Dir - straight line, f - jackal
Aim: a jackal (moderately wounded, 51% to hit)
You shoot a sling bullet.
The sling bullet closely misses the jackal.
The orc wizard shouts!
The jelly quivers.
The jackal completely misses you.
The orc wizard casts a spell.
The orc wizard flickers and vanishes!
Fire: a) +2 sling
Press: ? - help, Q - select action, (/) - cycle Shift-Dir - straight line, f/p - jackal
Aim: a jackal (moderately wounded, 51% to hit)
You shoot a sling bullet.
The sling bullet barely misses the jackal.
The jackal bites you.
The jackal bites you but does no damage.
Fire: a) +2 sling
Press: ? - help, Q - select action, (/) - cycle Shift-Dir - straight line, f/p - jackal
Aim: a jackal (moderately wounded, 51% to hit)
You shoot a sling bullet.
The sling bullet barely misses the jackal.
The jackal barely misses you.
The jackal bites you but does no damage.
Fire: a) +2 sling
Press: ? - help, Q - select action, (/) - cycle Shift-Dir - straight line, f - orc, p - jackal
Aim: an orc, wielding a +0 dagger and wearing a +0 chain mail (67% to hit)
You shoot a sling bullet. The sling bullet hits the jackal.
You kill the jackal!
The orc wizard casts a spell at you.
The puff of flame hits something!
Fire: a) +2 sling
Press: ? - help, Q - select action, (/) - cycle Shift-Dir - straight line, p - orc You shoot a sling bullet.
The sling bullet hits the orc but does no damage.
Something hits you. Something hits you but does no damage.
Fire: a) +2 sling
Press: ? - help, Q - select action, (/) - cycle Shift-Dir - straight line, f - orc wizard
Aim: an orc wizard, wielding a +0 dagger and wearing a +0 robe (51% to hit)
You shoot a sling bullet.
Reactivating autopickup.
You feel a bit more experienced. Something hits you!
* * * LOW HITPOINT WARNING * * *
Deactivating autopickup; reactivate with Ctrl-A.
Unknown command.
As you read the scroll of teleportation, it crumbles to dust.
You feel strangely unstable.
You hear some strange, mumbled words.
A puff of flame appears from out of thin air!
The puff of flame hits you! The fire burns you terribly!
You die...

,,,,,,,,,,* ***,,,,,,,,,***
,,*****,*** #.≈≈≈≈≈≈≈,*
,,,*,,,** #≈..≈≈≈..~*
,,,,,,,<* #≈.≈...≈.~*
,,,,,,,,** #≈.≈._.≈.~*
,,,,*...,** #≈.≈...≈.~*
,,,......,* #≈..≈≈≈..~*
,........#* #.≈≈≈≈≈≈≈,*
.......$..######@.......,**
..........#..##{########*,*
..............#o#,,,,,,,,,*
..........#..{Jo#,,,,,,****
#!..$.....#....##..,,*,,*
#.....##...........,**,,*
.....#*####........$*,,,*
....h######.##....#..,,,*
.###....#...#........,,,*


You could see a jelly, an orc wizard and an orc.

Vanquished Creatures
  A scorpion (D:4)
  A hound (D:4)
  An orc wizard (D:4)
  2 adders
  A worm (D:3)
  4 orcs (D:4)
  5 ball pythons
  3 bats
  6 endoplasms
  2 giant cockroaches (D:3)
  9 goblins
  6 hobgoblins
  8 jackals
  2 quokkas (D:3)
  4 frilled lizards
  A kobold (D:1)
  5 rats
61 creatures vanquished.

Notes
Turn   | Place    | Note
-------+----------+-------------------------------------------
     0 | D:1      | Flugkiller the Mummy Hexslinger began the quest for the
                  | Orb.
     0 | D:1      | Reached XP level 1. HP: 15/15 MP: 2/2
   454 | D:1      | Reached XP level 2. HP: 18/21 MP: 1/4
   908 | D:2      | Reached skill level 3 in Hexes
   908 | D:2      | Gained mutation: You are in touch with the powers of death.
                  | [Mummy growth]
   908 | D:2      | Reached XP level 3. HP: 26/27 MP: 3/6
   965 | D:2      | Identified the +0 robe of Fabulous Intercession {Str+3}
  1045 | D:2      | Found a faded altar of an unknown god.
  1242 | D:2      | You fall into a shaft and drop 2 floors!
  1264 | D:4      | Noticed a scorpion
  1289 | D:4      | Killed a scorpion
  1290 | D:4      | Reached skill level 4 in Hexes
  1290 | D:4      | Reached XP level 4. HP: 10/33 MP: 4/7
  1301 | D:4      | HP: 1/33 [goblin/+0 dagger (2)]
  1518 | D:3      | Found a shadowy altar of Dithmenos.
  1520 | D:3      | Found a bloodstained altar of Trog.
  1522 | D:3      | Found an ornate altar of the Wu Jian Council.
  2057 | D:2      | Noticed Sigmund
  2253 | D:4      | Reached XP level 5. HP: 37/38 MP: 6/8
  2301 | D:4      | Found an iron altar of Okawaru.
  2337 | D:4      | Killed from afar by an orc wizard

Illustrated notes

Levels and vault maps discovered:
D:1:      minmay_arrival_four_houses, layout_loops_ring,
          amcnicky_mini_pool_small, st_stairs_11
D:2:      layout_basic, dreamdust_ecumenical_altar_hidden_monk_grotto,
          uniq_sigmund
D:3:      layout_basic, mainiacjoe_overflow_alcove_3,
          mainiacjoe_overflow_catwalk
D:4:      minmay_clustersquares, layout_cave_pools, mainiacjoe_overflow_paths

Skill      XL: |  1  2  3  4 |
---------------+-------------+-----
Spellcasting   | 2 |  2.0
Fighting       | 2 |  2.0
Ranged Weapons | 2 3 |  3.3
Hexes          | 3 4 |  4.0
Dodging        | |  1.5

Action                   |  1- 3 |  4- 6 || total
-------------------------+-------+-------++-------
Melee: Dagger            |     2 |     8 ||    10
 Fire: Sling             |   120 |   101 ||   221
 Cast: Slow              |    27 |    13 ||    40
  Use: Scroll            |     1 |     6 ||     7
Armor: Robe              |    22 |    22 ||    44
Dodge: Dodged            |    55 |    44 ||    99

Table legend: (Time is in decaauts)
 A = Elapsed time spent in this place.
 B = Non-inter-level travel time spent in this place.
 C = Inter-level travel time spent in this place.
 D = Time resting spent in this place.
 E = Time spent auto-exploring this place.
 F = Levels seen in this place.
 G = Mean time per level.
                   A        B        C        D        E       F      G
               +--------+--------+--------+--------+--------+-----+--------+
         Total |   2398 |   2240 |    158 |    253 |   1336 |   4 |  599.5 |
       Dungeon |   2398 |   2240 |    158 |    253 |   1336 |   4 |  599.5 |
               +--------+--------+--------+--------+--------+-----+--------+

Top non-repeatable levels by time:
     D:1: 883 daAuts
     D:3: 658 daAuts
     D:2: 527 daAuts
     D:4: 329 daAuts
